 Dungeon Crawl Stone Soup version 0.25.1-2-g60ff931df9 (webtiles) character file.

Game seed: 12050928301678151366

2862 H0rd4k the Insei (level 9, -18/55 HPs)
             Began as an Octopode Transmuter on Aug 26, 2020.
             Demolished by Grum
             ... wielding a +0 glaive
              (28 damage)
             ... on level 8 of the Dungeon.
             The game lasted 00:19:40 (8411 turns).

H0rd4k the Insei (Octopode Transmuter)              Turns: 8411, Time: 00:19:42

Health: -18/55     AC:  1    Str:  9    XL:     9   Next: 75%
Magic:  0/28       EV: 17    Int: 19    God:
Gold:   294        SH:  4    Dex: 12    Spells: 3/19 levels left

rFire    . . .     SeeInvis .     - Unarmed
rCold    . . .     Gourm    .   (shield currently unavailable)
rNeg     . . .     Faith    .   (helmet restricted)
rPois    .         Spirit   +   e - amulet of guardian spirit
rElec    .         Reflect  .   j - ring of flight
rCorr    .         Harm     .   b - ring of magical power
MR       .....                  (no ring)
Stlth    ++++......             (no ring)
HPRegen  0.18/turn              (no ring)
MPRegen  0.21/turn              (no ring)
                                (no ring)
                                (no ring)

@: blade tentacles (expiring), very slightly contaminated
A: almost no armour, stealthy swim, amphibious, 8 rings, constrict 8, repulsion
field 1, large bone plates 1, camouflage 1, high mp 1, gelatinous body 1
a: End Transformation, Evoke Flight


You were on level 8 of the Dungeon.
You were very hungry.
You had blades for tentacles.
You visited 1 branch of the dungeon, and saw 8 of its levels.

You collected 294 gold pieces.

Inventory:

Missiles
 a - 177 arrows
 l - 31 poisoned darts
 m - 2 atropa-tipped darts
 p - 7 curare-tipped darts (quivered)
Magical Staves
 r - an uncursed staff of death
Jewellery
 b - a ring of magical power (right scythe-like blade)
 e - an amulet of guardian spirit (around mantle)
 j - a ring of flight (left scythe-like blade)
 s - an uncursed amulet of magic regeneration
Wands
 g - a wand of paralysis (7)
 v - a wand of random effects (10)
Scrolls
 d - a scroll of fear
 i - 2 scrolls of teleportation
 n - 2 scrolls of magic mapping
 o - 2 scrolls of amnesia
 q - 2 scrolls of fog
 t - a scroll of enchant armour
 u - a scroll of remove curse
 x - a scroll of identify
Potions
 f - 2 potions of lignification
 h - 3 potions of mutation
Comestibles
 c - 12 rations
 k - a chunk of flesh


   Skills:
 + Level 2.4 Fighting
 + Level 0.3 Throwing
 + Level 4.5 Dodging
 + Level 5.6 Stealth
 + Level 7.8 Unarmed Combat
 * Level 5.5 Spellcasting
 + Level 3.0 Translocations
 * Level 5.6 Transmutations
 * Level 2.2 Fire Magic
 + Level 0.6 Poison Magic
 + Level 0.2 Evocations


You had 3 spell levels left.
You knew the following spells:

 Your Spells              Type           Power        Failure   Level  Hunger
a - Beastly Appendage     Tmut           ####..       16%         1    None
b - Sticks to Snakes      Tmut           ####....     21%         2    None
c - Spider Form           Tmut/Pois      ###.......   45%         3    ##.....
d - Blink                 Tloc           N/A          34%         2    None
e - Conjure Flame         Conj/Fire      #.......     65%         3    ##.....
f - Blade Hands           Tmut           ####......   75%         5    #####..

Your spell library contained the following spells:

 Spells                   Type           Power        Failure   Level  Hunger
 Magic Dart               Conj           #...         50%         1    None
 Call Imp                 Summ           #.......     61%         2    None
 Slow                     Hex            #.......     61%         2    None
 Mephitic Cloud           Conj/Pois/Air  #.......     75%         3    ##.....
 Ice Form                 Ice/Tmut       ###.....     78%         4    ####...


Dungeon Overview and Level Annotations

Branches:
Dungeon (8/15)             Temple (0/1) D:7
   Lair: D:8-11

Altars:
Fedhas
Makhleb
Sif Muna
The Shining One

Annotations:
D:3 exclusion: downstairs
D:4 exclusion: downstairs, Robin
D:5 exclusion: downstairs
D:6 exclusion: upstairs, Maggie
D:7 exclusions: downstairs and upstairs
D:8 Grum


Innate Abilities, Weirdness & Mutations

You cannot wear most types of armour.
You are very stealthy in the water. (Stealth+)
You are amphibious.
You can wear up to eight rings at the same time.
You can use your tentacles to constrict eight enemies at once.
Your skin changes colour to match your surroundings (Stealth+).
Your rubbery body absorbs attacks. (AC +1, EV +1)
You are surrounded by a mild repulsion field. (EV +2)
You are partially covered in large bone plates. (SH +4)
You have an increased reservoir of magic. (+10% MP)


Message History

Your tentacles turn into razor-sharp scythe blades.
You are feeling very hungry.
The wolf misses you.
You barely miss the wolf. Your grab misses the wolf.
The wolf is moderately wounded.
The wolf misses you. The wolf bites you.
You hit the wolf. You grab the wolf.
The wolf is heavily wounded.
You constrict the wolf, but do no damage.
The wolf closely misses you.
Grum hits you from afar with a +0 glaive!!
* * * LOW HITPOINT WARNING * * *
You hit the wolf. You slash the wolf, but do no damage.
The wolf is heavily wounded.
Your transformation is almost over.
You constrict the wolf. The wolf barely misses you. The wolf bites you.
* * * LOW HITPOINT WARNING * * *
Grum hits you from afar with a +0 glaive!!
Ouch! That really hurt!
You die...

#####..##........#
....##....#...##...
#..........†# ...
#####.........(#
...
......#...[#.#.#
... . ###
#..##...#......
...## #.##########.
. #...h#####.# ..
#agh@...# .
#########


You could see Grum, 2 wolves and a worker ant.

Vanquished Creatures
  A steam dragon (D:8)
  A hungry ghost (D:7)
  An orc warrior (D:7)
  3 ogres
  A wolf (D:8)
  4 centaurs
  4 bullfrogs
  4 scorpions
  5 wights (D:7)
  A howler monkey (D:5)
  A centaur zombie (D:7)
  A bullfrog zombie (D:5)
  4 crimson imps
  2 orc priests
  2 bullfrog skeletons
  4 hounds
  A jelly (D:7)
  2 gnoll shamans
  3 orc wizards
  2 centaur skeletons
  3 worker ants
  An iguana (D:6)
  Natasha (twice) (D:2)
  A hound zombie (D:8)
  11 adders
  10 gnolls
  2 oozes (D:3)
  2 adder skeletons
  4 worms
  A dart slug (D:4)
  A leopard gecko (D:5)
  21 orcs
  6 giant cockroaches
  6 goblins
  7 hobgoblins
  9 jackals
  5 quokkas
  10 bats
  7 frilled lizards
  9 kobolds
  A leopard gecko skeleton (D:6)
  A quokka skeleton (D:6)
  10 rats
177 creatures vanquished.

Notes
Turn   | Place    | Note
-------+----------+-------------------------------------------
     0 | D:1      | H0rd4k the Octopode Transmuter began the quest for the Orb.
     0 | D:1      | Reached XP level 1. HP: 13/13 MP: 3/3
   127 | D:1      | Reached XP level 2. HP: 18/18 MP: 5/5
   446 | D:1      | Learned a level 2 spell: Sticks to Snakes
   667 | D:2      | Reached XP level 3. HP: 23/23 MP: 6/6
  1205 | D:2      | Noticed Natasha
  1211 | D:2      | Killed Natasha
  1211 | D:2      | Reached skill level 1 in Stealth
  1211 | D:2      | Reached XP level 4. HP: 27/28 MP: 5/7
  1440 | D:2      | Noticed Natasha
  1453 | D:2      | Killed Natasha
  1997 | D:3      | Found a blossoming altar of Fedhas.
  1997 | D:3      | Found a shimmering blue altar of Sif Muna.
  2021 | D:3      | Reached skill level 4 in Unarmed Combat
  2040 | D:3      | Reached XP level 5. HP: 32/33 MP: 6/8
  2186 | D:3      | Found a burning altar of Makhleb.
  2734 | D:3      | Learned a level 3 spell: Spider Form
  2744 | D:4      | Noticed Robin
  2783 | D:4      | Reached XP level 6. HP: 15/38 MP: 8/10
  3232 | D:4      | You fall into a shaft and drop 1 floor!
  3232 | D:5      | Entered Level 5 of the Dungeon
  3370 | D:6      | Noticed Maggie
  3373 | D:5      | Gained mutation: You are surrounded by a mild repulsion
                  | field. (EV +2) [potion of mutation]
  3373 | D:5      | Gained mutation: You are partially covered in large bone
                  | plates. (SH +4) [potion of mutation]
  3373 | D:5      | Gained mutation: You have an increased reservoir of magic.
                  | (+10% MP) [potion of mutation]
  3401 | D:5      | Noticed an ice beast
  3751 | D:5      | Reached skill level 5 in Unarmed Combat
  3931 | D:5      | Reached XP level 7. HP: 15/43 MP: 11/13
  4801 | D:6      | Reached skill level 6 in Unarmed Combat
  4801 | D:6      | Reached XP level 8. HP: 45/49 MP: 15/15
  5675 | D:4      | Learned a level 2 spell: Blink
  5679 | D:4      | Learned a level 3 spell: Conjure Flame
  6328 | D:6      | Reached skill level 1 in Translocations
  6632 | D:6      | Reached skill level 5 in Spellcasting
  6834 | D:7      | Reached skill level 7 in Unarmed Combat
  6834 | D:7      | Reached skill level 5 in Transmutations
  6834 | D:7      | Reached XP level 9. HP: 38/54 MP: 17/18
  7141 | D:7      | Found a glowing golden altar of the Shining One.
  7276 | D:7      | Learned a level 5 spell: Blade Hands
  7340 | D:7      | Reached skill level 1 in Fire Magic
  7351 | D:7      | Found a staircase to the Ecumenical Temple.
  7789 | D:7      | Reached skill level 5 in Stealth
  8395 | D:8      | Noticed Grum
  8411 | D:8      | Demolished by Grum

Illustrated notes

Levels and vault maps discovered:
D:1:      dpeg_arrival_round_c, layout_rooms
D:2:      layout_loops_corners, grunt_decor_mini_mirrors, uniq_natasha
D:3:      layout_rooms, nicolae_overflow_hidden_temple,
          grunt_temple_overflow_open, first_ration, minmay_liquid_box
D:4:      layout_layer_cave, uniq_robin
D:5:      layout_basic, serial_shops, nicolae_shop_waterfront
D:6:      layout_gridville, st_stairs_9, uniq_maggie
D:7:      layout_loops_corners, lemuel_crystal_altar,
          minmay_temple_entry_junction
D:8:      layout_rooms, uniq_grum

Skill      XL: |  1  2  3  4  5  6  7  8  9 |
---------------+----------------------------+-----
Stealth        | 1 2 3 4 5 |  5.6
Unarmed Combat | 4 5 6 7 |  7.8
Dodging        | 3 4 |  4.5
Transmutations | 3 4 5 |  5.6
Spellcasting   | 3 4 5 |  5.5
Fighting       | 2 |  2.4
Translocations | 2 3 |  3.0
Fire Magic     | 2 |  2.2
Throwing       | |  0.3
Poison Magic   | |  0.6
Evocations     | |  0.2

Action                   |  1- 3 |  4- 6 |  7- 9 || total
-------------------------+-------+-------+-------++-------
Melee: Unarmed           |    61 |   160 |   326 ||   547
       Constrict         |    15 |    42 |    54 ||   111
       Tentacles         |     9 |    32 |    56 ||    97
       Punch             |     1 |     6 |    13 ||    20
       Kick              |     5 |    13 |    56 ||    74
Throw: Dart              |       |       |     4 ||     4
 Cast: Beastly Appendage |     3 |    10 |    37 ||    50
       Spider Form       |       |     1 |     5 ||     6
       Blade Hands       |       |       |     1 ||     1
Evoke: Wand              |       |       |     4 ||     4
  Use: Scroll            |       |     5 |     9 ||    14
       Potion            |       |     3 |       ||     3
 Stab: Sleeping          |     8 |     8 |    14 ||    30
       Paralysed         |       |       |     6 ||     6
  Eat: Chunk             |     1 |     9 |    14 ||    24
Armor: Skin              |     5 |     9 |     5 ||    19
Dodge: Dodged            |    31 |   122 |   193 ||   346
Block: Other             |       |     4 |    44 ||    48
